[Event "Team 45 45 League T42"]
[Site "Internet Chess Club"]
[Date "2009.09.11"]
[Round "6"]
[White "guyd52"]
[Black "KingOfHearts"]
[Result "1-0"]
[WhiteElo "1334"]
[BlackElo "1225"]
[Opening "Réti opening"]
[ECO "A04"]
[Time "18:12:43"]
[TimeControl "2700+45"]

1. Nf3 Nc6 2. g3 e5 3. d3 d5 4. Bg2 Nf6 5. O-O Bg4 6. Nbd2 Qd7 7. e4 d4 8. a3
O-O-O 9. b4 h5 10. h4 Ne7 11. Nc4 Ng6 12. Bg5 Be7 13. Qd2 Nh7 14. Ncxe5 Nxe5 15.
Nxe5 Qe6 16. Bxe7 Qxe7 17. Qf4 Rdf8 18. Nxg4 hxg4 19. Qxg4+ f5 20. exf5 Nf6 21.
Qxd4 Kb8 22. Rfe1 Qf7 23. Qc5 Nd7 24. Qb5 c6 25. Bxc6 Nb6 26. Qe5+ Kc8 27. Bb5
a6 28. Qc5+ Qc7 29. Qxc7+ Kxc7 30. Re7+ Kd6 31. Rxb7 axb5 32. Rxb6+ Kc7 33. Rxb5
Kc6 34. c4 Rh5 35. Re1 Rhxf5 36. Rxf5 Rxf5 37. Re6+ Kd7 38. Re3 Rf8 39. a4 Rb8
40. b5 Ra8 41. b6 Rxa4 42. c5 Rb4 43. Re4 Kc6 44. Rxb4 {Black resigns} 1-0

[Event "Team 45 45 League T42"]
[Site "Internet Chess Club"]
[Date "2009.09.07"]
[Round "6"]
[White "rgadoury"]
[Black "CoasterBrake"]
[Result "0-1"]
[WhiteElo "1250"]
[BlackElo "1242"]
[Opening "Queen's pawn"]
[ECO "A40"]
[Time "12:00:21"]
[TimeControl "2700+45"]

1. d4 c6 2. g3 d5 3. Bg2 Bf5 4. Nc3 Nf6 5. Nf3 Nbd7 6. O-O e6 7. a3 Be7 8. h3
Be4 9. Re1 O-O 10. Bf4 Qb6 11. b4 Bxf3 12. Bxf3 Qd8 13. e4 Nb6 14. e5 Nfd7 15.
Be2 Bg5 16. Bxg5 Qxg5 17. Kg2 f6 18. h4 Qh6 19. Qc1 Qxc1 20. Raxc1 fxe5 21. dxe5
Nxe5 22. Bh5 Nbc4 23. a4 g6 24. Be2 Rae8 25. f4 Ne3+ 26. Kh3 Nd7 27. Bg4 Nxg4
28. Kxg4 e5 29. fxe5 Nxe5+ 30. Kh3 Nf3 31. Rf1 Nd4 32. Rxf8+ Rxf8 33. Kg2 Rf3
34. Nd1 Kf7 35. c3 Ne2 36. Kxf3 Nxc1 37. Ke3 Ke6 38. Nb2 Nb3 39. Nd3 Kd6 40. g4
b6 41. Kf4 h6 42. Ne5 d4 43. cxd4 Nxd4 44. Nxg6 c5 45. bxc5+ bxc5 46. Ne5 Kd5
47. g5 hxg5+ 48. hxg5 Ne6+ 49. Kf5 Nxg5 50. Nd3 Ne4 51. Kf4 c4 52. Nb4+ Kc5 53.
Na6+ Kd4 54. Nb4 Nc5 55. Nc6+ Kd3 56. Ne5+ Kc3 57. Nxc4 Kxc4 58. a5 a6 59. Ke3
Kc3 60. Ke2 Kc2 61. Ke3 Nb3 62. Ke4 Kc3 63. Ke3 Nxa5 64. Ke2 Kc2 65. Ke3 Nb3 66.
Ke4 a5 67. Kd5 a4 68. Kc4 {White resigns} 0-1

[Event "Team 45 45 League T42"]
[Site "Internet Chess Club"]
[Date "2009.09.03"]
[Round "6"]
[White "dornoch"]
[Black "chips"]
[Result "0-1"]
[WhiteElo "998"]
[BlackElo "1211"]
[Opening "Four knights: Rubinstein counter-gambit, Henneberger variation"]
[ECO "C48"]
[Time "09:05:26"]
[TimeControl "2700+45"]

1. e4 e5 2. Nf3 Nc6 3. Bb5 Nf6 4. Nc3 Nd4 5. O-O Nxb5 6. Nxb5 c6 7. Nc3 d6 8.
Re1 Qc7 9. d4 h6 10. dxe5 dxe5 11. Qd3 Be6 12. b3 Rd8 13. Qe2 Bd6 14. Bb2 O-O
15. Rad1 Bc5 16. Rd3 Rxd3 17. cxd3 Bg4 18. h3 Bxf3 19. Qxf3 a6 20. Bc1 Bb4 21.
Bd2 Qa5 22. Rc1 Ba3 23. Rc2 Bb4 24. Qe2 Bxc3 25. Bxc3 Qb5 26. b4 Rd8 27. Rd2 g6
28. f4 Nd7 29. fxe5 Nxe5 30. Bxe5 Qxe5 31. a3 Qa1+ 32. Qd1 Qxa3 33. Qb1 Qc3 34.
Qb2 Qxb2 35. Rxb2 Rxd3 {White resigns} 0-1

[Event "Team 45 45 League T42"]
[Site "Internet Chess Club"]
[Date "2009.09.05"]
[Round "6"]
[White "werty"]
[Black "MarkNY"]
[Result "0-1"]
[WhiteElo "1556"]
[BlackElo "1657"]
[Opening "Queen's pawn game"]
[ECO "A45"]
[Time "14:30:46"]
[TimeControl "2700+45"]

1. d4 Nf6 2. e3 g6 3. Nf3 Bg7 4. c3 O-O 5. Bd3 d6 6. Nbd2 c5 7. O-O Qc7 8. Re1
a6 9. e4 cxd4 10. Nxd4 Nc6 11. N2f3 b5 12. Be3 Bb7 13. Qd2 Ng4 14. h3 Nxe3 15.
Qxe3 e5 16. Nxc6 Qxc6 17. Nd2 Bf6 18. Rad1 Bd8 19. f3 Bb6 {White resigns} 0-1

[Event "Team 45 45 League T42"]
[Site "Internet Chess Club"]
[Date "2009.09.03"]
[Round "6"]
[White "john-beebs"]
[Black "jacknor"]
[Result "1/2-1/2"]
[WhiteElo "1506"]
[BlackElo "1594"]
[Opening "Sicilian: dragon variation"]
[ECO "B70"]
[Time "16:00:37"]
[TimeControl "2700+45"]

1. e4 c5 2. Nf3 d6 3. d4 cxd4 4. Nxd4 g6 5. Nc3 Nf6 6. Bb5+ Bd7 7. O-O Bg7 8.
Re1 a6 9. Bc4 O-O 10. h3 Nc6 11. Nxc6 bxc6 12. Qd3 Qc7 13. Bxa6 Rfb8 14. Bc4 e6
15. Bb3 Bc8 16. Bf4 e5 17. Bg5 Nd7 18. Rad1 Bf8 19. Qf3 Nc5 20. Bc4 Ne6 21. Be3
Rxb2 22. Bb3 Nc5 23. Bc1 Nxb3 24. Bxb2 Nd4 25. Qd3 Bh6 26. a3 Ba6 27. Qg3 Nxc2
28. Rf1 Bxf1 29. Kxf1 Rb8 30. Bc1 Bxc1 31. Rxc1 Nxa3 32. Nd5 Qb7 33. Qxa3 cxd5
34. Qxd6 Qb5+ 35. Kg1 d4 36. Rc5 Qb1+ 37. Kh2 d3 38. Rd5 Re8 39. Rxd3 Qb8 40.
Qd7 Kf8 41. h4 Re7 42. Qc6 Re6 43. Qd7 Qe8 44. Qc7 Qc6 45. Qd8+ Re8 46. Qd5 Qe6
47. Qc5+ Qe7 48. Rd5 Qxc5 49. Rxc5 h5 50. f3 f6 51. Kh3 Kf7 52. g4 Re7 53. g5
Kg7 54. gxf6+ Kxf6 55. Kg3 Re6 56. f4 exf4+ 57. Kxf4 Kg7 58. e5 Kh6 59. Rd5 Ra6
60. Rd4 Ra1 61. e6 Kg7 62. Rd7+ Kf8 63. Kg5 Re1 64. Kf6 Ke8 65. Rh7 Rf1+ 66.
Kxg6 Re1 67. Kf6 Rf1+ 68. Kg5 Re1 69. Kf6 Rf1+ 70. Kg5 Re1 71. Kf6 Rf1+ {Game
drawn by repetition} 1/2-1/2

[Event "Team 45 45 League T42"]
[Site "Internet Chess Club"]
[Date "2009.09.07"]
[Round "6"]
[White "xt"]
[Black "SugarIslander"]
[Result "0-1"]
[WhiteElo "1510"]
[BlackElo "1714"]
[Opening "Caro-Kann defense"]
[ECO "B10"]
[Time "14:03:26"]
[TimeControl "2700+45"]

1. e4 c6 2. Nf3 d5 3. exd5 cxd5 4. Nc3 Nf6 5. d4 e6 6. Bg5 Be7 7. Bd3 Bd7 8. O-O
a6 9. a3 Nc6 10. h3 Qc7 11. Re1 h6 12. Bxf6 gxf6 13. Ne2 O-O-O 14. Rc1 Kb8 15.
Qd2 e5 16. c4 e4 17. cxd5 exf3 18. dxc6 Bxc6 19. gxf3 Rhg8+ 20. Kh1 Bxf3# {White
checkmated} 0-1

[Event "Team 45 45 League T42"]
[Site "Internet Chess Club"]
[Date "2009.09.07"]
[Round "6"]
[White "oldsj"]
[Black "Salvatore"]
[Result "0-1"]
[WhiteElo "1630"]
[BlackElo "1663"]
[Opening "Sicilian: Pelikan, Chelyabinsk variation"]
[ECO "B33"]
[Time "16:00:40"]
[TimeControl "2700+45"]

1. e4 c5 2. Nf3 Nc6 3. d4 cxd4 4. Nxd4 Nf6 5. Nc3 e5 6. Ndb5 d6 7. Bg5 a6 8. Na3
b5 9. Nd5 Be7 10. Bxf6 Bxf6 11. c3 O-O 12. Nc2 Bg5 13. Bd3 Be6 14. Nce3 Bxe3 15.
Nxe3 Ne7 16. O-O Rc8 17. Rc1 f5 18. exf5 Nxf5 19. Nxf5 Bxf5 20. Bxf5 Rxf5 21.
Qd5+ Kh8 22. Rcd1 Rf6 23. Qb7 Rc5 24. Qxa6 d5 25. Qa7 Rcc6 26. Qe3 Rfe6 27. Rfe1
h6 28. Qf3 Rcd6 29. Qf5 Qe8 30. Re3 b4 31. cxb4 d4 32. Rg3 Rf6 33. Qc2 e4 34.
Qc4 d3 35. Re3 Rde6 36. b5 Qg6 37. a4 Qf5 38. Rd2 Rg6 39. Qc8+ Kh7 40. Qc4 Re5
41. Qc3 Rc5 42. Qb3 Rc1+ 43. Rd1 Rc2 44. b6 Qxf2+ 45. Kh1 Qxg2# {White
checkmated} 0-1

[Event "Team 45 45 League T42"]
[Site "Internet Chess Club"]
[Date "2009.09.11"]
[Round "6"]
[White "arjun"]
[Black "Berkshires"]
[Result "1-0"]
[WhiteElo "1476"]
[BlackElo "1532"]
[Opening "Scotch opening"]
[ECO "C44"]
[Time "19:00:39"]
[TimeControl "2700+45"]

1. e4 e5 2. Nf3 Nc6 3. d4 d6 4. dxe5 dxe5 5. Qxd8+ Nxd8 6. Nxe5 Bd6 7. Nf3 Bg4
8. Be2 Nc6 9. Nc3 O-O-O 10. h3 Bh5 11. Ng5 Bg6 12. O-O Nf6 13. Bd3 Ne5 14. f4
Bc5+ 15. Kh1 Nxd3 16. cxd3 h6 17. Nf3 Rxd3 18. f5 Bh7 19. Ne5 Rxc3 20. bxc3 Nxe4
21. Bf4 f6 22. Ng6 Rd8 23. Rac1 Bg8 24. Rc2 Rd3 25. Re1 Bd5 26. c4 Nf2+ 27. Rxf2
Rxh3+ 28. Kg1 Bxf2+ 29. Kxf2 Rh5 30. cxd5 Rxf5 31. Ne7+ Kd7 32. Nxf5 g5 33. Re7+
Kd8 34. Bxc7+ Kc8 35. Nd6# {Black checkmated} 1-0

[Event "Team 45 45 League T42"]
[Site "Internet Chess Club"]
[Date "2009.09.06"]
[Round "6"]
[White "beerss"]
[Black "milesotoole"]
[Result "0-1"]
[WhiteElo "1343"]
[BlackElo "1345"]
[Opening "Caro-Kann defense"]
[ECO "B10"]
[Time "20:30:16"]
[TimeControl "2700+45"]

1. e4 c6 2. Nf3 d5 3. exd5 cxd5 4. d4 Bf5 5. Be2 Nf6 6. O-O e6 7. Nc3 Be7 8. Bf4
O-O 9. Ne5 Nc6 10. a3 Nxe5 11. Bxe5 Bd6 12. f4 Bxe5 13. fxe5 Nd7 14. Bg4 Bg6 15.
Nb5 Qb6 16. Be2 Nxe5 17. Kh1 Nc4 18. Bxc4 dxc4 19. b3 Qxb5 20. bxc4 Qxc4 21. Rc1
Rfd8 22. Qf3 Rxd4 23. Qxb7 Qd5 24. Qe7 Rd2 25. Rg1 Be4 {White resigns} 0-1

[Event "Team 45 45 League T42"]
[Site "Internet Chess Club"]
[Date "2009.09.04"]
[Round "6"]
[White "Zohan"]
[Black "GadsHill"]
[Result "0-1"]
[WhiteElo "1373"]
[BlackElo "1532"]
[Opening "Old Indian defense"]
[ECO "A53"]
[Time "23:27:23"]
[TimeControl "2700+45"]

1. d4 d6 2. c4 Nf6 3. Bf4 g6 4. Nc3 Bf5 5. Qb3 Nc6 6. Nf3 Na5 7. Qb4 b6 8. O-O-O
Bg7 9. e3 O-O 10. Bd3 c5 11. Qa4 Bd7 12. Qc2 Nc6 13. Be4 Nxe4 14. Qxe4 Nb4 15.
Bg5 Re8 16. Qh4 h5 17. a3 Nc6 18. Qe4 Na5 19. Nd2 Bf5 20. Qh4 Qd7 21. Nd5 Qa4
22. Nxe7+ Rxe7 23. e4 Rxe4 24. Nxe4 Qxc4+ 25. Kb1 Bxd4 26. Rhe1 Bxf2 27. Qxf2
Bxe4+ 28. Rxe4 Qxe4+ 29. Qc2 Qxc2+ 30. Kxc2 Nb7 31. h3 Re8 32. Rd2 Re6 33. g3 f6
34. Bh6 g5 35. b3 Re5 36. Rf2 Re6 37. Rd2 Nd8 38. g4 h4 39. Kd3 Nf7 40. Bxg5
fxg5 41. Kc4 Re3 42. Rh2 Kf8 43. Rf2 Ke7 44. Rh2 Ke6 45. Kb5 Rxb3+ 46. Ka4 Re3
47. Ra2 a6 48. Rb2 b5+ 49. Ka5 c4 50. Kxa6 c3 51. Rh2 d5 52. Kxb5 d4 53. Kc4
Nd6+ 54. Kxd4 Re4+ 55. Kxc3 Nb5+ 56. Kb2 Nd4 57. a4 Nf3 58. Rf2 Ng1 59. a5 Nxh3
60. Rd2 Ra4 61. Re2+ Kd5 62. Rd2+ Ke4 63. Rd7 Rxa5 64. Rf7 Nf4 65. Kb3 Kf3 66.
Rf5 Rxf5 67. gxf5 h3 68. f6 Ng6 69. f7 h2 70. Kc4 h1=Q 71. Kd5 Qe1 72. Kd4 Qe5+
73. Kc4 Ke3 74. f8=Q Nxf8 75. Kb3 Qc5 76. Ka2 Qb4 77. Ka1 Kd3 78. Ka2 Kc3 79.
Ka1 Qb2# {White checkmated} 0-1

[Event "Team 45 45 League T42"]
[Site "Internet Chess Club"]
[Date "2009.09.04"]
[Round "6"]
[White "wrimle"]
[Black "stputte"]
[Result "0-1"]
[WhiteElo "1400"]
[BlackElo "1469"]
[Opening "Alekhine's defense"]
[ECO "B02"]
[Time "16:30:49"]
[TimeControl "2700+45"]

1. e4 Nf6 2. e5 Nd5 3. Nf3 d6 4. exd6 cxd6 5. Bc4 Nb6 6. Bb3 Nc6 7. O-O g6 8. d4
Bg7 9. c3 O-O 10. Bg5 Bg4 11. Nbd2 Na5 12. Re1 Re8 13. Bc2 Nac4 14. b3 Nxd2 15.
Qxd2 Bxf3 16. gxf3 d5 17. Bh6 Rc8 18. Bxg7 Kxg7 19. f4 Qc7 20. Re3 Qxf4 21. Qe2
e6 22. Rf3 Qd6 23. Qe5+ Qxe5 24. dxe5 Rc7 25. Rc1 Rec8 26. Bd1 Nd7 27. Be2 Nxe5
28. Re3 Nd7 29. c4 dxc4 30. Rxc4 Rxc4 31. Bxc4 Nb6 32. Bd3 Nd5 33. Re2 Nf4 34.
Rc2 Rxc2 35. Bxc2 Kf6 36. Be4 b6 37. f3 Ke5 38. Kf2 Kd4 39. Bc6 Kc3 40. Be8 f6
41. Bf7 Kb2 42. Ke3 g5 43. h4 h6 44. hxg5 hxg5 45. Ke4 Kxa2 46. Bxe6 Nxe6 47.
Kf5 Nd4+ 48. Kxf6 Nxf3 49. Kf5 Kxb3 50. Kg4 a5 51. Kxf3 a4 52. Kg4 a3 53. Kxg5
a2 54. Kf6 a1=Q+ 55. Ke7 b5 56. Kd7 b4 57. Kc6 Kc4 58. Kb6 b3 59. Kc6 b2 {White
resigns} 0-1

[Event "Team 45 45 League T42"]
[Site "Internet Chess Club"]
[Date "2009.09.09"]
[Round "6"]
[White "slipkid"]
[Black "cobra2008"]
[Result "0-1"]
[WhiteElo "1488"]
[BlackElo "1591"]
[Opening "Two knights defense"]
[ECO "C56"]
[Time "14:00:18"]
[TimeControl "2700+45"]

1. e4 e5 2. Nf3 Nc6 3. d4 exd4 4. Bc4 Nf6 5. O-O Nxe4 6. Re1 d5 7. Bxd5 Qxd5 8.
Nc3 Qa5 9. Nxe4 Be6 10. Bd2 Qd5 11. Bg5 Be7 12. Bxe7 Nxe7 13. Nxd4 O-O-O 14.
Nxe6 Qxe6 15. Qf3 Rhe8 16. Ng5 Qd5 17. Qxd5 Rxd5 18. Nxf7 Rf5 19. Ne5 Nd5 20.
Nd3 Rff8 21. Rxe8+ Rxe8 22. Kf1 c6 23. Re1 Rxe1+ 24. Kxe1 b5 25. a3 Kc7 26. Ke2
Kd6 27. Kd2 a5 28. b4 axb4 29. axb4 Nb6 30. f4 Nc4+ 31. Kc3 Ne3 32. g3 Nf1 33.
Kd4 Nxh2 34. c4 bxc4 35. Kxc4 Nf1 36. Ne5 Nxg3 37. Nf7+ Kc7 38. Ng5 h6 39. Ne6+
Kd6 40. Nxg7 Kd7 41. Nf5 Nxf5 {White resigns} 0-1

[Event "Team 45 45 League T42"]
[Site "Internet Chess Club"]
[Date "2009.09.07"]
[Round "6"]
[White "sdcohle"]
[Black "JimGaming"]
[Result "1/2-1/2"]
[WhiteElo "1356"]
[BlackElo "1287"]
[Opening "Nimzo-Indian defense"]
[ECO "E20"]
[Time "22:04:20"]
[TimeControl "2700+45"]

1. d4 Nf6 2. c4 e6 3. Nc3 Bb4 4. Bd2 O-O 5. g3 Bxc3 6. Bxc3 Ne4 7. Bb4 d6 8. Bg2
f5 9. e3 a5 10. Ba3 b6 11. Ne2 Bb7 12. d5 e5 13. O-O Nd7 14. Qc2 Ndc5 15. Bh3
Qg5 16. Bxc5 Nxc5 17. Nc3 Ba6 18. b3 Bc8 19. Bg2 Bd7 20. Rae1 Rf6 21. f4 Qh5 22.
fxe5 dxe5 23. Bf3 Qh3 24. Rf2 Rg6 25. Rg2 Qh6 26. Qf2 Re8 27. Qe2 e4 28. Bh5 f4
29. exf4 Bh3 30. Bxg6 Qxg6 31. Rf2 Nd3 32. Nxe4 Nxe1 33. Qxe1 Rxe4 34. Re2 Rxe2
35. Qxe2 Qb1+ 36. Kf2 Qg6 37. Kg1 h6 38. Kf2 Qd6 39. Qe8+ Kh7 40. Qe4+ g6 41.
Qe8 Qc5+ 42. Ke2 Bg4+ 43. Kd3 Bf5+ 44. Kc3 Qb4+ 45. Kb2 Qd2+ 46. Ka3 Qb4+ 47.
Kb2 Qd2+ 48. Ka3 Qb4+ 49. Kb2 Qd2+ 50. Ka3 Qb4+ 51. Kb2 Qd2+ 52. Ka3 Qb4+ {Game
drawn by repetition} 1/2-1/2

[Event "Team 45 45 League T42"]
[Site "Internet Chess Club"]
[Date "2009.09.03"]
[Round "6"]
[White "optional"]
[Black "Aquaman"]
[Result "1-0"]
[WhiteElo "1591"]
[BlackElo "1325"]
[Opening "Scandinavian defense"]
[ECO "B01"]
[Time "20:00:16"]
[TimeControl "2700+45"]

1. e4 d5 2. exd5 Nf6 3. Nc3 Bg4 4. Nf3 Nxd5 5. Nxd5 Qxd5 6. Be2 Nc6 7. d4 O-O-O
8. Be3 e6 9. Qd2 h6 10. O-O-O Qxa2 11. c3 Na5 12. Kc2 Qa4+ 13. Kb1 Nb3 14. Qe1
Na1 15. Ne5 Bxe2 16. Qxe2 Nb3 17. Nxf7 Be7 18. Nxh8 Rxh8 19. Qg4 Bf6 20. Qxe6+
Kb8 21. Bxh6 Re8 22. Qf7 Re2 23. Bd2 {Black forfeits on time} 1-0

[Event "Team 45 45 League T42"]
[Site "Internet Chess Club"]
[Date "2009.09.10"]
[Round "6"]
[White "nozmov"]
[Black "icey"]
[Result "1-0"]
[WhiteElo "1399"]
[BlackElo "851"]
[Opening "Bird's opening"]
[ECO "A02"]
[Time "19:00:21"]
[TimeControl "2700+45"]

1. f4 f6 2. e4 Nc6 3. Nf3 Nh6 4. Nc3 e5 5. fxe5 Nxe5 6. d3 Be7 7. Bxh6 gxh6 8.
Nxe5 fxe5 9. Qh5+ Kf8 10. Qxe5 Bh4+ 11. g3 Bg5 12. Qxh8+ Ke7 13. Qxd8+ Kxd8 14.
Be2 Be3 15. Nd5 Bd4 16. Rf1 d6 17. Rf8+ Kd7 18. Bg4+ Kc6 19. Ne7+ Kc5 20. Rxc8
Rxc8 21. Bxc8 Bf6 22. Nf5 Bg5 23. Bxb7 Kb6 24. Bc8 a6 25. Ke2 Bf6 26. c3 Be5 27.
Nxh6 Kc5 28. d4+ Bxd4 29. cxd4+ Kxd4 30. Bf5 Ke5 31. Bxh7 Kf6 32. Bf5 c6 33.
Ng4+ Kg5 34. h3 d5 35. Ke3 dxe4 36. Kxe4 c5 37. Rc1 c4 38. Rxc4 a5 39. h4+ Kh5
40. Rc8 a4 41. Rh8# {Black checkmated} 1-0

[Event "Team 45 45 League T42"]
[Site "Internet Chess Club"]
[Date "2009.09.06"]
[Round "6"]
[White "room-matt"]
[Black "TerryMalloy"]
[Result "0-1"]
[WhiteElo "1719"]
[BlackElo "2008"]
[Opening "Sicilian: closed, 6.Be3"]
[ECO "B26"]
[Time "15:04:47"]
[TimeControl "2700+45"]

1. e4 c5 2. Nc3 Nc6 3. g3 g6 4. Bg2 Bg7 5. d3 d6 6. Be3 e6 7. Nge2 Nd4 8. Nf4
Ne7 9. O-O O-O 10. Rb1 Bd7 11. b4 cxb4 12. Rxb4 Ndc6 13. Rb3 Na5 14. Ra3 b5 15.
Qb1 Rb8 16. Bxa7 Rb7 17. Be3 b4 18. Rxa5 Qxa5 19. Nce2 e5 20. Nd5 Nxd5 21. exd5
Ra8 22. Nc1 Rc7 23. f4 Ba4 24. Rf2 Rac8 25. Nb3 Bxb3 26. axb3 Ra8 27. h4 Qa1 28.
Qxa1 Rxa1+ 29. Kh2 Ra2 30. c4 Rxf2 31. Bxf2 exf4 32. gxf4 f5 33. Bf3 Kf7 34. Kh3
Rc8 35. d4 Ra8 36. c5 Ke7 37. c6 Ra3 38. Bd1 Ra2 39. Be3 Kd8 40. Kg3 Kc7 41. Kh3
Bxd4 42. Bxd4 Rd2 43. Bf3 Rxd4 44. Kg3 Rd3 {White resigns} 0-1

[Event "Team 45 45 League T42"]
[Site "Internet Chess Club"]
[Date "2009.09.04"]
[Round "6"]
[White "hondocando"]
[Black "VietLion"]
[Result "1-0"]
[WhiteElo "1701"]
[BlackElo "1880"]
[Opening "Sicilian: closed"]
[ECO "B24"]
[Time "18:00:37"]
[TimeControl "2700+45"]

1. e4 c5 2. Nc3 Nc6 3. g3 g6 4. d3 Bg7 5. Bg2 Rb8 6. Be3 b5 7. Qd2 b4 8. Nd1 d6
9. Ne2 Qb6 10. f4 Nh6 11. f5 Ng4 12. O-O Nxe3 13. Nxe3 c4 14. Kh1 c3 15. bxc3
Bh6 16. Nf4 e5 17. Nfd5 Bxe3 18. Nxe3 Ne7 19. fxg6 hxg6 20. Rab1 a5 21. cxb4
axb4 22. Rf6 Be6 23. a3 Nc6 24. Nd5 Bxd5 25. exd5 Ke7 26. Rbf1 Nd8 27. axb4 Qxb4
28. Qg5 Ke8 29. Rxg6 Rxh2+ 30. Kxh2 fxg6 31. Qxg6+ Kd7 32. Qg7+ Kc8 33. Bh3+
{Black resigns} 1-0

[Event "Team 45 45 League T42"]
[Site "Internet Chess Club"]
[Date "2009.09.09"]
[Round "6"]
[White "Konstantinos"]
[Black "crag"]
[Result "0-1"]
[WhiteElo "1669"]
[BlackElo "1847"]
[Opening "French defense"]
[ECO "C00"]
[Time "15:15:31"]
[TimeControl "2700+45"]

1. e4 e6 2. Nf3 d5 3. exd5 exd5 4. g3 Nf6 5. Qe2+ Be7 6. Bg2 O-O 7. O-O Re8 8.
Qd1 Bg4 9. d3 Qd7 10. Bf4 Nc6 11. Qd2 Rac8 12. Ne5 Nxe5 13. Bxe5 Qe6 14. Re1 Bd6
15. Bxd6 Qxe1+ {White resigns} 0-1

[Event "Team 45 45 League T42"]
[Site "Internet Chess Club"]
[Date "2009.09.06"]
[Round "6"]
[White "tammany"]
[Black "gmlevanzov"]
[Result "1-0"]
[WhiteElo "1768"]
[BlackElo "1556"]
[Opening "English opening"]
[ECO "A30"]
[Time "15:01:17"]
[TimeControl "2700+45"]

1. Nf3 Nf6 2. c4 c5 3. g3 Nc6 4. Bg2 e6 5. O-O Be7 6. d4 cxd4 7. Nxd4 O-O 8. Nc3
a6 9. e4 Qc7 10. Be3 b6 11. Rc1 Bb7 12. f4 Nxd4 13. Bxd4 Bc5 14. b3 Bxd4+ 15.
Qxd4 Qc5 16. Qxc5 bxc5 17. e5 Bxg2 18. Kxg2 Ne8 19. Rcd1 Ra7 20. Na4 Rc7 21. Nb6
f6 22. Rxd7 Rc6 23. Rb7 Rf7 24. Rxf7 Kxf7 25. Na4 Nc7 26. Rd1 Ke7 27. Nc3 f5 28.
Kf3 Na8 29. g4 Nb6 30. gxf5 exf5 31. h4 g6 32. Nd5+ Nxd5 33. cxd5 Rc8 34. d6+
Kd7 35. Ke3 c4 36. Rc1 cxb3 37. Rxc8 Kxc8 38. axb3 Kd7 39. Kd4 h6 40. Kd5 g5 41.
e6+ Ke8 42. fxg5 hxg5 43. hxg5 {Black resigns} 1-0

[Event "Team 45 45 League T42"]
[Site "Internet Chess Club"]
[Date "2009.09.05"]
[Round "6"]
[White "katesolu"]
[Black "upsan"]
[Result "1/2-1/2"]
[WhiteElo "1766"]
[BlackElo "1776"]
[Opening "French: exchange variation"]
[ECO "C01"]
[Time "13:30:13"]
[TimeControl "2700+45"]

1. e4 e6 2. d4 d5 3. exd5 exd5 4. Nf3 Bg4 5. Be2 Bd6 6. O-O Ne7 7. c3 O-O 8. Re1
c6 9. Nbd2 Qc7 10. h3 Bh5 11. Nf1 Nd7 12. Ne3 f5 13. Nd2 Bxe2 14. Qxe2 Ng6 15.
Nf3 Rae8 16. Qd3 f4 17. Nc2 Rxe1+ 18. Ncxe1 Nf6 19. Ng5 Qe7 20. Bd2 Ne4 21. Ngf3
Ng5 22. Nxg5 Qxg5 23. Nf3 Qh5 24. Re1 Nh4 25. Nxh4 Qxh4 26. Qf3 Qh6 27. Qg4 Qf6
28. Re6 Qd8 29. Qe2 Qd7 30. Qe1 Kf7 31. Re2 f3 32. Re3 fxg2 33. Rf3+ Kg8 34.
Rxf8+ Kxf8 35. Kxg2 Qe7 36. Qxe7+ Kxe7 37. Bg5+ Ke6 38. Kf3 Kf5 39. Be3 g5 40.
Ke2 h5 41. f3 Bf4 42. Bf2 Bc1 43. b3 Bb2 44. Be1 Bc1 45. Bg3 Bf4 46. Be1 {Game
drawn by mutual agreement} 1/2-1/2

[Event "Team 45 45 League T42"]
[Site "Internet Chess Club"]
[Date "2009.09.07"]
[Round "6"]
[White "qs16"]
[Black "Sapienza"]
[Result "0-1"]
[WhiteElo "1558"]
[BlackElo "1625"]
[Opening "King's Indian: accelerated Averbakh system"]
[ECO "E70"]
[Time "05:00:15"]
[TimeControl "2700+45"]

1. d4 g6 2. e4 d6 3. c4 Bg7 4. Nc3 Nf6 5. Bg5 Nbd7 6. Nf3 O-O 7. Bd3 Re8 8. O-O
e5 9. Rc1 h6 10. Be3 Ng4 11. h3 Nxe3 12. fxe3 Rf8 13. Bb1 b6 14. b4 a6 15. d5 a5
16. a3 axb4 17. axb4 Ba6 18. Nd2 Qg5 19. Qf3 Bc8 20. Bd3 Nf6 21. Be2 Bd7 22. Ra1
Nh5 23. Rxa8 Rxa8 24. Qxf7+ Kh8 25. Rf3 Rf8 26. Qxd7 Rxf3 27. Nxf3 Qxe3+ 28. Kh2
Qxc3 29. Qxc7 Qe3 30. Qc8+ Kh7 31. Qg4 Nf4 32. Ng1 Qxe4 33. Qf3 Qd4 34. Bf1 e4
35. Qxf4 Be5 {White resigns} 0-1

[Event "Team 45 45 League T42"]
[Site "Internet Chess Club"]
[Date "2009.09.06"]
[Round "6"]
[White "isolani"]
[Black "oldsj"]
[Result "1-0"]
[WhiteElo "1625"]
[BlackElo "1646"]
[Opening "King's Indian: orthodox, Aronin-Taimanov, bayonet attack"]
[ECO "E97"]
[Time "17:00:20"]
[TimeControl "2700+45"]

1. d4 Nf6 2. Nf3 g6 3. c4 Bg7 4. Nc3 O-O 5. e4 d6 6. Be2 e5 7. O-O Nc6 8. d5 Ne7
9. b4 Nh5 10. g3 f5 11. Ng5 Nf6 12. f3 h6 13. Ne6 Bxe6 14. dxe6 Nc6 15. Nd5 Nd4
16. e7 Qd7 17. exf8=Q+ Rxf8 18. Nxf6+ Rxf6 19. Be3 fxe4 20. fxe4 Qf7 21. Rxf6
Qxf6 22. Bxd4 exd4 23. Qd3 Qg5 24. Rf1 Be5 25. Qf3 Qe7 26. Bd3 h5 27. c5 Kg7 28.
Bc4 Bf6 29. Qxf6+ Qxf6 30. Rxf6 Kxf6 31. cxd6 cxd6 32. Bd5 Ke5 33. Bxb7 d3 34.
Kf1 Kd4 35. Ke1 Kc3 36. Kd1 Kxb4 37. Kd2 Kc4 38. Ba6+ Kd4 39. Bxd3 a5 40. h4 a4
41. a3 Ke5 42. Ke3 Kf6 43. Bb5 g5 44. Bxa4 {Black resigns} 1-0

[Event "Team 45 45 League T42"]
[Site "Internet Chess Club"]
[Date "2009.09.06"]
[Round "6"]
[White "rom1"]
[Black "PANAMA-REY"]
[Result "1-0"]
[WhiteElo "1599"]
[BlackElo "1472"]
[Opening "QGD Slav: 4.Nc3"]
[ECO "D15"]
[Time "14:00:13"]
[TimeControl "2700+45"]

1. d4 d5 2. c4 c6 3. Nf3 Nf6 4. Nc3 Bg4 5. Ne5 Be6 6. e3 g6 7. cxd5 Nxd5 8. e4
Nxc3 9. bxc3 Bg7 10. Nf3 O-O 11. Be2 Bg4 12. h3 Bc8 13. O-O Nd7 14. e5 Nb6 15.
c4 Bd7 16. Ng5 h6 17. Ne4 Be6 18. Nc5 Bxc4 19. Bxc4 Nxc4 20. Nxb7 Qc7 21. Qb3
Nb6 22. Nc5 Rad8 23. Be3 e6 24. Ne4 Nd5 25. Nd6 Rd7 26. Rac1 Rb8 27. Qc2 Nb4 28.
Qd2 Kh7 29. a3 Nd5 30. Rb1 Nxe3 31. fxe3 Rxb1 32. Rxb1 Bf8 33. Rb7 Qd8 34. Rxd7
Qxd7 35. Qb4 Kg7 36. Qb8 h5 37. Ne8+ Kh6 38. Nf6 Qe7 39. Ng8+ {Black resigns}
1-0

[Event "Team 45 45 League T42"]
[Site "Internet Chess Club"]
[Date "2009.09.05"]
[Round "6"]
[White "Folgers"]
[Black "nardz"]
[Result "0-1"]
[WhiteElo "1976"]
[BlackElo "2063"]
[Opening "Levitsky attack (Queen's bishop attack)"]
[ECO "D00"]
[Time "11:00:18"]
[TimeControl "2700+45"]

1. d4 d5 2. Bg5 Bf5 3. c4 c6 4. Nc3 h6 5. Bh4 Qb6 6. Qb3 dxc4 7. Qxb6 axb6 8. e4
Bg6 9. Bxc4 e6 10. Nge2 Nf6 11. Bxf6 gxf6 12. f4 f5 13. e5 b5 14. Bb3 Bb4 15.
O-O O-O 16. a4 bxa4 17. Rxa4 Rxa4 18. Bxa4 Rd8 19. Ra1 Na6 20. Bxc6 bxc6 21.
Rxa6 c5 22. Ra4 f6 23. Kf2 Be8 24. Ra1 cxd4 25. Na4 d3 26. Nec3 Ra8 27. Ra2 d2
28. Ke3 Bxc3 {White resigns} 0-1

[Event "Team 45 45 League T42"]
[Site "Internet Chess Club"]
[Date "2009.09.07"]
[Round "6"]
[White "QueensCounselor"]
[Black "TerryMalloy"]
[Result "1/2-1/2"]
[WhiteElo "2048"]
[BlackElo "1972"]
[Opening "Petrov: classical attack, Chigorin variation"]
[ECO "C42"]
[Time "12:02:19"]
[TimeControl "2700+45"]

1. e4 e5 2. Nf3 Nf6 3. Nxe5 d6 4. Nf3 Nxe4 5. d4 d5 6. Bd3 Nc6 7. O-O Be7 8. Re1
Bg4 9. c3 f5 10. Qb3 O-O 11. Bf4 Rb8 12. Ne5 Nxe5 13. dxe5 Nc5 14. Qc2 Nxd3 15.
Qxd3 g5 16. Bd2 f4 17. b4 f3 18. g3 Qd7 19. Be3 Bf5 20. Qf1 Bh3 21. Qd3 Bf5 22.
Qf1 Bh3 23. Qd3 Bf5 {Game drawn by repetition} 1/2-1/2